 Dungeon Crawl Stone Soup version 0.28.0-53-g5a82cb258f (webtiles) character file.

Game seed: 8696894127262437123

27 styxcanada the Sneak (level 2, 0/15 HPs)
             Began as a Spriggan Brigand on Aug 16, 2022.
             Frozen to death by an endoplasm (5 damage)
             ... on level 1 of the Dungeon.
             The game lasted 00:02:39 (882 turns).

styxcanada the Sneak (Spriggan Brigand)              Turns: 882, Time: 00:02:39

Health: 0/15       AC:  3    Str:  7    XL:     2   Next: 93%
Magic:  3/3        EV: 17    Int: 12    God:
Gold:   14         SH:  0    Dex: 16    Spells: 1/1 levels left

rFire   . . .      SeeInvis +   a - +2 dagger
rCold   . . .      Faith    .   (no shield)
rNeg    . . .      Spirit   .   b - +0 robe
rPois   .          Reflect  .   (helmet restricted)
rElec   .          Harm     .   c - +0 cloak
rCorr   .          Rampage  .   (gloves unavailable)
Will    .....                   (boots unavailable)
Stlth   +++.......              (no amulet)
HPRegen 0.05/turn               (no ring)
MPRegen 0.08/turn               (no ring)

@: very quick
A: very small, no large weapons, unfitting armour, see invisible, speed 3
a: no special abilities


You were on level 1 of the Dungeon.
You visited 1 branch of the dungeon, and saw 1 of its levels.

You collected 14 gold pieces.

Inventory:

Hand Weapons
 a - a +2 dagger (weapon)
Missiles
 d - 5 poisoned darts (quivered)
 e - 2 curare-tipped darts
 f - 26 stones
Armour
 b - a +0 robe (worn)
 c - a +0 cloak (worn)
Scrolls
 g - 3 scrolls of fog {unknown}


   Skills:
 * Level 1.6 Fighting
 + Level 2.5 Short Blades
 + Level 2.0 Throwing
 * Level 2.1 Dodging
 * Level 6.7 Stealth


You had one spell level left.
You didn't know any spells.
Your spell library was empty.

Dungeon Overview and Level Annotations

Branches:
Dungeon (1/15)

Altars:


Innate Abilities, Weirdness & Mutations

You are very small and have problems with some larger weapons.
You are too small for most types of armour.
You have supernaturally acute eyesight. (SInv)
You cover ground extremely quickly. (Speed+++)


Message History

You hit the jackal.
The jackal is almost dead.
The jackal misses you. The jackal barely misses you.
The endoplasm closely misses you. The jackal misses you.
You hit the jackal but do no damage.
The jackal is almost dead.
The jackal closely misses you. The jackal misses you.
The endoplasm freezes you.
You are frozen.
You hit the jackal but do no damage.
The jackal is almost dead.
The jackal bites you but does no damage.
The jackal barely misses you.
You hit the jackal.
You kill the jackal!
The endoplasm closely misses you. The jackal closely misses you.
The jackal closely misses you.
Things that are here:
a jackal corpse; a jackal corpse Throw: 8 darts (poison)
Press: ? - help, Q - select action, (/) - cycle Shift-Dir - straight line, f - jackal
Aim: a jackal (53% to hit)
You throw a poisoned dart. The poisoned dart hits the jackal.
The jackal is poisoned.
You barely miss the jackal.
The jackal is almost dead.
You kill the jackal!
Throw: 7 darts (poison)
Press: ? - help, Q - select action, (/) - cycle Shift-Dir - straight line, f - endoplasm
Aim: an endoplasm (86% to hit)
You throw a poisoned dart. The poisoned dart hits the endoplasm.
Throw: 6 darts (poison)
Press: ? - help, Q - select action, (/) - cycle Shift-Dir - straight line, f/p - endoplasm
Aim: an endoplasm (86% to hit)
You throw a poisoned dart. The poisoned dart hits the endoplasm.
You hit the endoplasm.
The endoplasm is severely wounded.
The endoplasm freezes you.
You are frozen.
You die...

.##.# ........#######..... .....
.................. .##.#
........#######.# .##..
................# .####
###############.#####.. .###
#...(J.w†.†... ...
#.####.#.##### .####..#
##.#.######.####.#.# ........
.......@J((.......>.
.####..##...#.#.####.#.##.#.(.
......... ... ............
.####..##...#.#.####.#.##.#.####
......... ........ #.#.##.#.#
......... .......# #.# #
.####.#####.#....# #.# .# #.#
#.#....# .# .####.# #.#g...#


You could see an endoplasm.

Vanquished Creatures
  A dart slug (D:1)
  2 endoplasms (D:1)
  A giant cockroach (D:1)
  2 goblins (D:1)
  3 hobgoblins (D:1)
  4 jackals (D:1)
  3 kobolds (D:1)
  3 bats (D:1)
  2 rats (D:1)
21 creatures vanquished.

Notes
Turn   | Place    | Note
-------+----------+-------------------------------------------
     0 | D:1      | styxcanada the Spriggan Brigand began the quest for the
                  | Orb.
     0 | D:1      | Reached XP level 1. HP: 10/10 MP: 2/2
    39 | D:1      | Reached skill level 6 in Stealth
   324 | D:1      | Reached XP level 2. HP: 14/14 MP: 3/3
   882 | D:1      | Frozen to death by an endoplasm

Illustrated notes

Levels and vault maps discovered:
D:1:      erik_arrival_triangle_small, layout_basic, hangedman_decor_lopped,
          hangedman_decor_diamond_cutter

Skill      XL: |  1  2 |
---------------+-------+-----
Stealth        | 6 |  6.7
Dodging        | 2 |  2.1
Fighting       | |  1.6
Short Blades   | |  2.5
Throwing       | |  2.0

Action                   || total
-------------------------++-------
Melee: Dagger            ||    68
Throw: Dart              ||     6
 Stab: Sleeping          ||     7
Armor: Robe              ||    11
Dodge: Dodged            ||    53
